 Dungeon Crawl Stone Soup version 0.31-a0-271-gb88eb75e06 (webtiles) character file.

Game seed: 513673050948592064

3693 cforsyth the Grappler (level 10, 0/72 (73) HPs)
             Began as a Meteoran Shapeshifter on July 14, 2023.
             Was an Initiate of Gozag.
             Slain by a killer bee (8 damage)
             ... on level 7 of the Dungeon.
             The game lasted 00:14:35 (2878 turns).

cforsyth the Grappler (Meteoran Shapeshifter)       Turns: 2878, Time: 00:14:35

HP:   0/72 (73)     AC:  5    Str: 21    XL:     10   Next: 61%
MP:   11/11         EV: 11    Int: 11    God:    Gozag
Gold: 301           SH:  0    Dex: 16    Spells: 9/9 levels left

rFire   . .          .
                       - Unarmed
rCold   + . .        (no shield)
rNeg    . . .        o - +0 ring mail "Vookemp" {Dex+2}
rPois   .            (helmet currently unavailable)
rElec   .            (cloak currently unavailable)
rCorr   .            (gloves currently unavailable)
SInv    .            (boots currently unavailable)
Will    +....        p - amulet of the acrobat
Stlth   +            d - ring of flight
HPRegen 0.32/turn    n - ring of protection from cold
MPRegen 0.12/turn

%: acrobat
@: lethally poisoned (0 -> -23), beast-form, gold aura, flying, glowing, lightly
drained
A: beast (slay +7), sense surroundings 2, otherworldly, glowing, explore regen
a: Begin Untransformation, Renounce Religion, Potion Petition, Call Merchant,
Bribe Branch


You were on level 7 of the Dungeon.
You worshipped Gozag.
Gozag was aware of your devotion.
You were a hulking beast.
You visited 1 branch of the dungeon, and saw 8 of its levels.
You also visited: Sewer.

You collected 378 gold pieces.
You paid 77 gold pieces to Gozag.

Inventory:

Armour
 o - the +0 ring mail "Vookemp" (worn) {Dex+2}
   (You found it on level 4 of the Dungeon)

   Dex:       It affects your dexterity (+2).
Jewellery
 d - a ring of flight (left hand)
 n - a ring of protection from cold (right hand)
 p - an amulet of the acrobat (around neck)
Talismans
 c - a beast talisman
Wands
 i - a wand of mindburst (10)
 q - a wand of acid (9)
Scrolls
 a - 2 scrolls of enchant weapon {unknown}
 b - a scroll of revelation {unknown}
 g - a scroll of fear {unknown}
 h - 2 scrolls of vulnerability
 j - 2 scrolls of teleportation
 k - 3 scrolls of enchant armour
 m - 2 scrolls of blinking
 r - a scroll of butterflies {unknown}
 s - a scroll of identify
 v - a scroll of fog {unknown}
 y - a scroll of silence {unknown}
 z - 2 scrolls of poison {unknown}
Potions
 e - a potion of brilliance
 f - a potion of magic
 l - a potion of mutation {unknown}
 t - 3 potions of haste {unknown}
 u - a potion of might {unknown}
 w - 2 potions of curing
 x - a potion of heal wounds


   Skills:
 - Level 2.1 Fighting
 - Level 2.4 Dodging
 + Level 12.2 Unarmed Combat
 + Level 10.8 Shapeshifting


You had 9 spell levels left.
You didn't know any spells.
Your spell library contained the following spells:

 Spells                   Type           Power      Damage    Failure   Level
 Lesser Beckoning         Tloc           0%         N/A       65%         2
 Gell's Gravitas          Tloc           0%         N/A       87%         3
 Ozocubu's Armour         Ice            0%         N/A       87%         3
 Teleport Other           Tloc           0%         N/A       87%         3
 Dispersal                Tloc           0%         N/A       100%        6
 Ozocubu's Refrigeration  Ice            0%         4d7       100%        7


Dungeon Overview and Level Annotations

Branches:
Dungeon (8/15) Zot: 2293   Temple (0/1) D:6           Sewer (visited)
   Lair: D:8-11

Altars:
Elyvilon
Fedhas
Gozag
Hepliaklqana
Ru
Yredelemnul


Innate Abilities, Weirdness & Mutations

You are a hulking beast.
Your limbs bulge with bestial killing power. (Slay +7)
You passively map the area around you.
You are easily found by Zot.
You glow in the dark.
You regain HP and MP as you explore.


Message History

There is a stone staircase leading down here.
You hit the killer bee. Your punch misses the killer bee.
The killer bee is moderately wounded.
You feel sick. The killer bee closely misses you. The killer bee stings you.
You closely miss the killer bee.
The killer bee is moderately wounded.
You feel sick. The killer bee stings you.
You are more poisoned.
The killer bee poisons you! The killer bee closely misses you.
The killer bee misses you.
The killer bee is distracted by your dazzling golden aura.
The killer bee buzzes angrily.
You hit the killer bee.
The killer bee is no longer distracted by gold.
The killer bee is heavily wounded.
You feel very sick. The killer bee stings you!
* * * LOW HITPOINT WARNING * * *
The killer bee stings you.
* * * LOW HITPOINT WARNING * * *
You are lethally poisoned!
The killer bee poisons you!
You completely miss the killer bee.
The killer bee is heavily wounded.
* * * LOW HITPOINT WARNING * * *
You feel very sick. The killer bee closely misses you.
The killer bee stings you but does no damage.
The killer bee stings you.
* * * LOW HITPOINT WARNING * * *
You are more poisoned.
The killer bee poisons you!
The killer bee stings you but does no damage.
You miss the killer bee.
The killer bee is heavily wounded.
* * * LOW HITPOINT WARNING * * *
You feel very sick. The killer bee stings you!
You die...
Your body crumbles into a pile of gold.

.# #####......# .#
######...... .#
#..........# #.#.# ####.##
.###.#######..# #.#.# #.#
..........##..###....# #.#
##...().......##.#.#.# #.#
#.#.###.............#
#######.## #.#.#
#...##.##.#.#.###.........
#.#.#
######.###y.............##
#.#.# #..yh..#####.#######
##### ######.# #.# # , ,,
,, #.# #.# ##### , , , ,
#.# #.# #.... , , ..#
##.## #.### * * ###
*######...###.# # , * #.#
#......).>...# #.#
#$####...#####*
.######.#######ยง#
##......, $


You could see 2 killer bees.

Vanquished Creatures
  Maggie (D:7)
  Grinder (D:6)
  A steam dragon (D:7)
  Menkaure (D:5)
  A water moccasin (D:6)
  2 ice beasts (D:6)
  A sky beast (D:7)
  4 ogres
  A centaur (D:6)
  A phantom (D:7)
  4 kobold brigands (Sewer)
  A bullfrog (D:6)
  4 scorpions
  10 wights
  7 killer bees (D:7)
  2 hounds
  2 jellies (D:6)
  A gnoll bouda (D:7)
  2 orc priests
  3 iguanas
  An orc wizard (D:4)
  7 gnolls
  15 adders
  2 river rats
  A shadow imp (D:7)
  A white imp (D:7)
  2 ufetubi
  2 worms
  2 dart slugs
  21 orcs
  5 ball pythons
  10 endoplasms
  3 giant cockroaches
  5 goblins
  5 hobgoblins
  2 quokkas (D:3)
  4 bats (D:2)
  A frilled lizard (D:1)
  15 kobolds
  8 rats
162 creatures vanquished.

Notes
Turn   | Place    | Note
-------+----------+-------------------------------------------
     0 | D:1      | cforsyth the Meteoran Shapeshifter began the quest for the
                  | Orb.
     0 | D:1      | Reached XP level 1. HP: 17/17 MP: 2/2
    58 | D:1      | Reached XP level 2. HP: 24/24 MP: 3/3
   278 | D:1      | Reached skill level 3 in Unarmed Combat
   527 | D:3      | Reached XP level 3. HP: 22/29 MP: 4/4
   858 | D:3      | Reached XP level 4. HP: 28/36 MP: 5/5
   980 | D:3      | Reached skill level 4 in Unarmed Combat
   985 | D:3      | HP: 1/36 [orc priest/+0 hand axe (2)]
   990 | D:3      | Reached XP level 5. HP: 19/41 MP: 6/6
  1083 | D:3      | Reached skill level 5 in Shapeshifting
  1155 | D:3      | Found a faded altar of an unknown god.
  1180 | D:4      | Identified the +0 ring mail "Vookemp" {Dex+2}
  1199 | D:4      | Reached skill level 5 in Unarmed Combat
  1199 | D:4      | Reached XP level 6. HP: 8/48 MP: 7/7
  1244 | D:4      | Noticed an ogre
  1255 | D:4      | Killed an ogre
  1280 | D:4      | Reached XP level 7. HP: 43/55 MP: 8/8
  1326 | D:4      | Reached skill level 6 in Unarmed Combat
  1348 | D:3      | HP: 1/55 [poisoned by a scorpion]
  1494 | D:5      | Entered Level 5 of the Dungeon
  1500 | D:5      | Noticed Menkaure
  1508 | D:5      | Killed Menkaure
  1509 | D:5      | Reached skill level 7 in Unarmed Combat
  1509 | D:5      | Reached XP level 8. HP: 6/61 MP: 9/9
  1658 | D:5      | Found a glowing drain.
  1696 | Sewer    | Entered a sewer
  1810 | Sewer    | Reached skill level 8 in Unarmed Combat
  1916 | Sewer    | Gained mutation: You passively map the area around you.
                  | [Meteoran growth]
  1916 | Sewer    | Reached XP level 9. HP: 37/67 MP: 10/10
  2040 | D:5      | Found an opulent altar of Gozag.
  2048 | D:5      | Became a worshipper of Gozag Ym Sagoz the Greedy
  2146 | D:6      | Reached skill level 9 in Unarmed Combat
  2152 | D:6      | Found a blossoming altar of Fedhas.
  2156 | D:6      | Found a basalt altar of Yredelemnul.
  2159 | D:6      | Found a sacrificial altar of Ru.
  2162 | D:6      | Found a white marble altar of Elyvilon.
  2226 | D:6      | Found a staircase to the Ecumenical Temple.
  2291 | D:6      | Noticed Grinder
  2294 | D:6      | Reached skill level 10 in Unarmed Combat
  2310 | D:6      | Killed Grinder
  2404 | D:6      | Reached XP level 10. HP: 37/72 MP: 11/11
  2415 | D:6      | Found a hazy altar of Hepliaklqana.
  2517 | D:7      | Reached skill level 11 in Unarmed Combat
  2583 | D:7      | Noticed Maggie
  2592 | D:7      | Killed Maggie
  2593 | D:7      | Reached skill level 10 in Shapeshifting
  2738 | D:7      | Reached skill level 12 in Unarmed Combat
  2878 | D:7      | Slain by a killer bee

Illustrated notes

Levels and vault maps discovered:
D:1:      saegor_arrival_simple_b, layout_basic
D:2:      layout_loops_corners, kennysheep_nub, uniq_natasha
D:3:      layout_loops_ring, hellmonk_ecumenical_altar_run_dry
D:4:      layout_cave_pools, uniq_edmund
D:5:      layout_gridville, grunt_gozag_statues, portal_sewer_entry_a,
          uniq_menkaure
D:6:      layout_cave_pools, mainiacjoe_overflow_concentric_impassable,
          grunt_temple_overflow_cloverleaf, temple_statues, uniq_grinder
D:7:      layout_loops_ring, lemuel_blue_sif_altar, uniq_maggie
D:8:      layout_basic

Skill      XL: |  1  2  3  4  5  6  7  8  9 10 |
---------------+-------------------------------+-----
Unarmed Combat | 3 4 5 7 8 10 12 | 12.2
Shapeshifting  | 4 5 6 7 9 10 | 10.8
Fighting       | |  2.1
Dodging        | |  2.4

Action                     |  1- 3 |  4- 6 |  7- 9 | 10-12 || total
---------------------------+-------+-------+-------+-------++-------
  Melee: Unarmed           |    73 |    84 |   229 |   102 ||   488
         Punch             |       |       |     8 |     2 ||    10
    Use: Potion            |       |     4 |     3 |       ||     7
         Scroll            |       |       |     6 |       ||     6
   Stab: Distracted        |       |       |       |     1 ||     1
 Armour: Animal skin       |    13 |     4 |       |       ||    17
         Skin              |       |     4 |     6 |       ||    10
         Ring mail         |       |     3 |    36 |    18 ||    57
  Dodge: Dodged            |    33 |    35 |   104 |    56 ||   228

Table legend: (Time is in decaauts)
 A = Elapsed time spent in this place.
 B = Non-inter-level travel time spent in this place.
 C = Inter-level travel time spent in this place.
 D = Time resting spent in this place.
 E = Time spent auto-exploring this place.
 F = Levels seen in this place.
 G = Mean time per level.
                   A        B        C        D        E       F      G
               +--------+--------+--------+--------+--------+-----+--------+
         Total |   2817 |   2817 |      0 |    149 |      0 |   9 |  313.0 |
       Dungeon |   2505 |   2505 |      0 |     64 |      0 |   8 |  313.1 |
         Sewer |    312 |    312 |      0 |     85 |      0 |   1 |  312.0 |
               +--------+--------+--------+--------+--------+-----+--------+

Top non-repeatable levels by time:
     D:3: 494 daAuts
     D:7: 378 daAuts
     D:1: 377 daAuts
     D:2: 362 daAuts
     D:6: 361 daAuts
   Sewer: 312 daAuts
     D:4: 279 daAuts
     D:5: 242 daAuts
     D:8: 8 daAuts
